 Dungeon Crawl Stone Soup version 0.19.1 (webtiles) character file.

1414 empire the Covert (level 8, -1/58 HPs)
             Began as a Vampire Enchanter on Dec 22, 2016.
             Was a Believer of Dithmenos.
             Slain by Duvessa
             ... wielding a +0 rapier
              (5 damage)
             ... on level 5 of the Dungeon.
             The game lasted 00:14:11 (3910 turns).

empire the Covert (Vampire Enchanter)               Turns: 3910, Time: 00:14:12

Health: -1/58      AC:  4    Str:  7    XL:     8   Next: 43%
Magic:  12/12      EV: 14    Int: 18    God:    Dithmenos [**....]
Gold:   226        SH:  0    Dex: 16    Spells: 5 memorised, 1 level left

rFire  . . .     SeeInvis +     a - +3 rapier (venom)
rCold  . . .     Gourm    .     j - +1 robe
rNeg   . . .     Faith    .     (no shield)
rPois  .         Spirit   .     r - +0 helmet
rElec  .         Reflect  .     (no cloak)
rCorr  .         Harm     .     (no gloves)
MR     .....                    (no boots)
Stlth  +++++++...               (no amulet)
                                (no ring)
                                (no ring)

@: regenerating quickly, wreathed by umbra
A: fangs 3, see invisible, unbreathing
a: Shadow Step, Renounce Religion


You were on level 5 of the Dungeon.
You worshipped Dithmenos.
Dithmenos was pleased with you.
You were full.

You visited 1 branch of the dungeon, and saw 5 of its levels.

You collected 226 gold pieces.

Inventory:

Hand Weapons
 a - a +3 rapier of venom (weapon)
 b - a +2 dagger of draining
 l - a +1 dagger
 m - a +1 whip of electrocution
 p - a +1 dagger of draining
 s - a cursed -3 scythe
 x - a cursed +0 hand crossbow
 y - a +0 long sword
Missiles
 h - 56 poisoned needles
Armour
 j - a +1 robe (worn)
 r - a +0 helmet (worn)
 z - a +0 chain mail
Wands
 w - a wand of digging (0/24)
 B - a wand of digging (18/24)
Scrolls
 f - a scroll of teleportation {unknown}
 g - a scroll of immolation {unknown}
 k - 4 scrolls of remove curse {unknown}
 q - 2 scrolls of recharging {unknown}
 t - 2 scrolls of noise {unknown}
 u - a scroll of fog {unknown}
Potions
 d - 8 potions of blood
 e - a potion of might
 i - a potion of ambrosia {unknown}
 n - a potion of lignification {unknown}
 o - a potion of cure mutation {unknown}
 v - a potion of mutation {unknown}
 A - a potion of haste {unknown}
Books
 c - a book of Maledictions

   Spells                             Type                      Level
   a - Corona                         Hexes                        1
   b - Ensorcelled Hibernation        Hexes/Ice                    2
   c - Confuse                        Hexes                        3
   d - Tukima's Dance                 Hexes                        3
   e - Dazzling Spray                 Conjuration/Hexes            3


   Skills:
 - Level 3.1 Fighting
 - Level 5.2 Short Blades
 - Level 3.2 Dodging
 + Level 12.1 Stealth
 - Level 3.1 Spellcasting
 - Level 5.0 Hexes


You had one spell level left.
You knew the following spells:

 Your Spells              Type           Power        Failure   Level  Hunger
a - Corona                Hex            ###....      1%          1    None
b - Confuse               Hex            ###.....     10%         3    ###....
c - Dazzling Spray        Conj/Hex       ##....       21%         3    ###....
d - Ensorcelled Hibernat  Hex/Ice        ##....       12%         2    ##.....
e - Tukima's Dance        Hex            ###.....     10%         3    ###....


Dungeon Overview and Level Annotations

Branches:
Dungeon (5/15)
 Temple: D:4-7

Altars:
Cheibriados
Dithmenos
Elyvilon
Makhleb
Trog
Yredelemnul
Zin
The Shining One

Shops:
D:4 [

Annotations:
D:5 Duvessa


Innate Abilities, Weirdness & Mutations

Your natural rate of healing is unusually fast.
You have razor-sharp teeth.
You have supernaturally acute eyesight. (SInv)
You can survive without breathing.


Message History

Duvessa is lightly wounded.
Duvessa completely misses you.
You hit Duvessa.
Duvessa looks as sick as possible!
Your bite misses Duvessa.
Duvessa is moderately wounded.
Duvessa hits you with a rapier!
You hit Duvessa but do no damage.
Duvessa looks as sick as possible!
Duvessa is moderately wounded.
Duvessa hits you with a rapier! Duvessa hits you with a rapier.
* * * LOW HITPOINT WARNING * * *
Duvessa hits you with a rapier!
* * * LOW HITPOINT WARNING * * *
Okay, then.
Aiming: Shadow Step
Press: ? - help, Dir - move target cursor Out of range.
Okay, then.
Unknown command.
Duvessa misses you. Duvessa hits you with a rapier.
You die...

#.# #...# #.# #...##
#.# #.....
.#########.# #.....
.........#.# ##.###
#####.....########.#
#.#............#
####.##############
#######...@#######
..........e.>.....
#######....#######
##...# #...# #...#
#...# #...# #..)#


You could see Duvessa (berserk).

Vanquished Creatures
  Pikel (D:4)
  Sigmund (D:3)
  An ice beast (D:5)
  An ogre (D:4)
  Blork the orc (D:4)
  Dowan (D:5)
  A scorpion (D:4)
  A crimson imp (D:4)
  Jessica (D:3)
  Natasha (thrice) (D:3)
  4 worker ants (D:4)
  A killer bee zombie (D:3)
  Robin (D:3)
  5 adders
  A shadow imp (D:5)
  An adder zombie (D:4)
  An ooze (D:3)
  An adder skeleton (D:4)
  3 worms
  3 dart slugs
  2 leopard geckos (D:2)
  An orc (D:3)
  7 bats
  5 giant cockroaches
  13 goblins
  10 hobgoblins
  7 jackals
  7 kobolds
  2 quokkas
  A ball python (D:3)
  5 frilled lizards
  A leopard gecko zombie (D:5)
  A quokka skeleton (D:4)
  7 rats
102 creatures vanquished.

Vanquished Creatures (others)
  An orc (D:4)
  4 jackals (D:4)
5 creatures vanquished.

Grand Total: 107 creatures vanquished

Notes
Turn   | Place    | Note
-------+----------+-------------------------------------------
     0 | D:1      | empire the Vampire Enchanter began the quest for the Orb.
     0 | D:1      | Reached XP level 1. HP: 13/13 MP: 3/3
   178 | D:1      | Reached skill level 5 in Stealth
   258 | D:1      | Reached XP level 2. HP: 16/19 MP: 5/5
   430 | D:1      | Reached skill level 5 in Hexes
   880 | D:2      | Found a basalt altar of Yredelemnul.
   880 | D:2      | Found a shadowy altar of Dithmenos.
   880 | D:2      | Found a white marble altar of Elyvilon.
   880 | D:2      | Found a snail-covered altar of Cheibriados.
   889 | D:2      | Became a worshipper of Dithmenos the Shadowed
   929 | D:2      | Reached XP level 3. HP: 19/24 MP: 6/6
   942 | D:2      | HP: 1/24 [jackal (1)]
  1231 | D:2      | Learned a level 3 spell: Confuse
  1357 | D:2      | Found a bloodstained altar of Trog.
  1357 | D:2      | Found a faded altar of an unknown god.
  1362 | D:2      | Found a faded altar of an unknown god.
  1364 | D:2      | Found a faded altar of an unknown god.
  1365 | D:2      | Found a faded altar of an unknown god.
  1716 | D:3      | Noticed Jessica
  1725 | D:3      | Killed Jessica
  1725 | D:3      | Reached XP level 4. HP: 30/30 MP: 8/8
  1735 | D:3      | Reached * piety under Dithmenos
  1917 | D:3      | Noticed Natasha
  1926 | D:3      | Killed Natasha
  1988 | D:3      | Noticed Robin
  1988 | D:3      | Reached XP level 5. HP: 28/35 MP: 9/9
  2020 | D:3      | Killed Robin
  2082 | D:3      | Noticed Sigmund
  2084 | D:3      | Killed Sigmund
  2084 | D:3      | Reached skill level 5 in Short Blades
  2084 | D:3      | Reached XP level 6. HP: 41/41 MP: 10/10
  2142 | D:3      | Reached ** piety under Dithmenos
  2187 | D:3      | Noticed Natasha
  2204 | D:3      | Killed Natasha
  2204 | D:3      | Reached skill level 1 in Fighting
  2464 | D:3      | Found a glowing silver altar of Zin.
  2480 | D:3      | Noticed Natasha
  2489 | D:3      | Killed Natasha
  2803 | D:4      | Reached XP level 7. HP: 34/52 MP: 11/11
  2811 | D:4      | Learned a level 3 spell: Dazzling Spray
  2814 | D:4      | Learned a level 2 spell: Ensorcelled Hibernation
  2818 | D:4      | Learned a level 3 spell: Tukima's Dance
  2915 | D:4      | Noticed Blork the orc
  2932 | D:4      | Reached skill level 6 in Stealth
  2943 | D:4      | Killed Blork the orc
  2943 | D:4      | Reached skill level 7 in Stealth
  3083 | D:4      | Found Gidoutte's Armour Shoppe.
  3086 | D:4      | Noticed Pikel
  3108 | D:4      | Killed Pikel
  3108 | D:4      | Reached skill level 11 in Stealth
  3108 | D:4      | Reached XP level 8. HP: 43/58 MP: 12/12
  3382 | D:4      | Found a burning altar of Makhleb.
  3768 | D:5      | Entered Level 5 of the Dungeon
  3788 | D:5      | Found a glowing golden altar of the Shining One.
  3890 | D:5      | Noticed Dowan
  3896 | D:5      | Noticed Duvessa
  3897 | D:5      | Killed Dowan
  3897 | D:5      | Reached skill level 12 in Stealth
  3905 | D:5      | HP: 2/58 [Duvessa/rapier (11)]
  3910 | D:5      | Slain by Duvessa

Skill      XL: |  1  2  3  4  5  6  7  8 |
---------------+-------------------------+-----
Stealth        | 5 11 12 | 12.1
Hexes          | 5 |  5.0
Spellcasting   | 3 |  3.1
Dodging        | 3 |  3.2
Short Blades   | 2 5 |  5.2
Fighting       | 3 |  3.1

Action                   |  1- 3 |  4- 6 |  7- 9 || total
-------------------------+-------+-------+-------++-------
Melee: Dagger            |   147 |   172 |       ||   319
       Bite              |     7 |    13 |     6 ||    26
       Rapier            |       |       |    64 ||    64
  Use: Potion            |     1 |       |     4 ||     5
       Scroll            |       |       |     4 ||     4
 Stab: Sleeping          |     6 |     3 |     5 ||    14
       Distracted        |       |     1 |       ||     1
  Eat: Corpse            |    11 |     8 |     5 ||    24
Armor: Robe              |    33 |    14 |    10 ||    57
Dodge: Dodged            |   106 |   118 |    47 ||   271
